 Dungeon Crawl Stone Soup version 0.21.0-24-g2553a33 (webtiles) character file.

49 Monsterracer the Slasher (level 3, -4/28 HPs)
             Began as a Vampire Abyssal Knight on Jan 19, 2018.
             Was a Follower of Lugonu.
             Slain by a shadow (5 damage)
             ... on level 1 of the Dungeon.
             The game lasted 00:00:48 (66 turns).

Monsterracer the Slasher (Vampire Abyssal Knight)     Turns: 66, Time: 00:00:49

Health: -4/28      AC:  3    Str: 12    XL:     3   Next: 51%
Magic:  2/4        EV: 12    Int: 14    God:    Lugonu [*.....]
Gold:   0          SH:  0    Dex: 13    Spells: 2/2 levels left

rFire    . . .     SeeInvis +   a - +0 long sword
rCold    . . .     Gourm    .   (no shield)
rNeg     + . .     Faith    .   b - +0 leather armour
rPois    .         Spirit   .   (no helmet)
rElec    .         Reflect  .   (no cloak)
rCorr    .         Harm     .   (no gloves)
MR       .....     Rnd*Tele +   (no boots)
Stlth    +.........             (no amulet)
HPRegen  0.09/turn              d - ring of teleportation
MPRegen  0.09/turn              (no ring)

@: hasted, very quick
A: fangs 3, see invisible, unbreathing
a: Bat Form, Depart the Abyss, Renounce Religion


You were on level 1 of the Dungeon.
You worshipped Lugonu.
Lugonu was aware of your devotion.
You were not thirsty.

You visited 1 branch of the dungeon, and saw 1 of its levels.
You visited the Abyss 1 time.

Inventory:

Hand Weapons
 a - a +0 long sword (weapon)
Armour
 b - a +0 leather armour (worn)
Jewellery
 d - a ring of teleportation (left hand)
Potions
 c - a potion of blood


   Skills:
 - Level 2.6 Fighting
 + Level 4.0 Long Blades
 - Level 0.7 Armour
 - Level 2.1 Dodging
 - Level 1.5 Invocations


You had 2 spell levels left.
You didn't know any spells.

Dungeon Overview and Level Annotations

Branches:
Dungeon (1/15)

Altars:


Innate Abilities, Weirdness & Mutations

You have razor-sharp teeth.
You have supernaturally acute eyesight. (SInv)
You can survive without breathing.


Message History

You stop training Long Blades.
You need to enable at least one skill for training.
a - a long sword You resume training Long Blades.
a - a +0 long sword (weapon)
A lurking horror comes into view.
The lurking horror moves out of view.
e - a purple potion An eye of draining comes into view.
The eye of draining turns its gaze towards you.
The lurking horror explodes!
Your body is wracked with pain!
The eye of draining convulses!
You take 6 damage, and have 11/17 hp.
MASSIVE DAMAGE!!
Unknown command.
The eye of draining gazes at you.
You feel your power leaking away.
f - a scroll labeled RIANAT NUTA You now have 0/2 mp.
You see here 6 steel tomahawks.
You hit the eye of draining.
The eye of draining is heavily wounded.
You hit the eye of draining.
The eye of draining is heavily wounded.
A shadow comes into view.
You hit the eye of draining but do no damage.
The eye of draining is heavily wounded.
You hit the eye of draining.
The eye of draining is severely wounded.
The eye of draining gazes at you.
You hit the eye of draining but do no damage.
Your bite misses the eye of draining.
The eye of draining is severely wounded.
The eye of draining gazes at you.
You hit the eye of draining but do no damage.
The eye of draining is severely wounded.
You hit the eye of draining.
The eye of draining is severely wounded.
You slash the eye of draining!
You kill the eye of draining!
Your Long Blades skill gained 2 levels and is now at level 4!
You have reached level 2!
You have reached level 3!
Your experience leads to an increase in your attributes!
Increase (S)trength, (I)ntelligence, or (D)exterity?
You feel stronger.
You can now transform into a vampire bat.
The substance of the Abyss twists violently, and a gateway leading out appears!
The shadow closely misses you.
You riposte.
You hit the shadow. You bite the shadow.
The shadow is moderately damaged.
You regained 8 hp, and now have 19/28 hp.
Press: ? - help, v - describe, . - travel
Here: a shadow (moderately damaged)
The floor.
The shadow hits you!
* * * LOW HITPOINT WARNING * * *
You pass through the gate.
There is a staircase leading out of the dungeon here.
Unknown command.
You take 7 damage, and have 12/28 hp.
MASSIVE DAMAGE!!
Unknown command.
Unknown command.
Unknown command.
Unknown command.
As you read the scroll labeled RIANAT NUTA, it crumbles to dust.
You feel as if something is helping you.
It was a scroll of remove curse.
The shadow hits you.
* * * LOW HITPOINT WARNING * * *
You take 1 damage, and have 11/28 hp.
Press: ? - help, v - describe, . - travel
Here: a shadow (moderately damaged)
The floor.
It was a potion of curing.
You feel better. The shadow closely misses you.
You regained 11 hp, and now have 22/28 hp.
You closely miss the shadow. You bite the shadow, but do no damage.
The shadow is moderately damaged.
The shadow hits you!
* * * LOW HITPOINT WARNING * * *
You take 9 damage, and have 13/28 hp.
MASSIVE DAMAGE!!
You slash the shadow!
The shadow is heavily damaged.
The shadow slips into darkness.
The shadow flickers and vanishes for a moment.
You hit the shadow but do no damage.
The shadow is heavily damaged.
The shadow hits you!
* * * LOW HITPOINT WARNING * * *
You take 12 damage, and have 2/28 hp.
MASSIVE DAMAGE!!
You open the door. The shadow barely misses you.
You riposte.
You closely miss the shadow.
The shadow is heavily damaged.
Found a murky green potion.
There is an open door here.
You see here a murky green potion.
e - a murky green potion The shadow hits you.
* * * LOW HITPOINT WARNING * * *
You take 1 damage, and have 1/28 hp.
It was a potion of haste.
You feel yourself speed up. The shadow hits you.
You die...

#####
#...#
+.<.+
#...#
##W##
#@..#
#.⌠.#
#...#
#####


You could see a shadow.

Vanquished Creatures
  An eye of draining (Abyss:2)
1 creature vanquished.

Vanquished Creatures (others)
  A lurking horror (Abyss:2)
1 creature vanquished.

Grand Total: 2 creatures vanquished

Notes
Turn   | Place    | Note
-------+----------+-------------------------------------------
     0 | Abyss:1  | Monsterracer the Vampire Abyssal Knight began the quest for the Orb.
     0 | Abyss:1  | Reached XP level 1. HP: 17/17 MP: 2/2
    40 | Abyss:2  | Noticed an eye of draining
    48 | Abyss:2  | Noticed a shadow
    53 | Abyss:2  | Killed an eye of draining
    53 | Abyss:2  | Reached skill level 4 in Long Blades
    53 | Abyss:2  | Reached XP level 2. HP: 15/23 MP: 0/3
    53 | Abyss:2  | Reached XP level 3. HP: 19/28 MP: 0/4
    54 | Abyss:2  | HP: 12/28 [shadow (7)]
    55 | D:1      | Escaped the Abyss
    60 | D:1      | HP: 2/28 [shadow (12)]
    65 | D:1      | HP: 1/28 [shadow (1)]
    66 | D:1      | Slain by a shadow

Skill      XL: |  1 |
---------------+----+-----
Long Blades    | 4 |  4.0
Fighting       | |  2.6
Armour         | |  0.7
Dodging        | |  2.1
Invocations    | |  1.5

Action                   || total
-------------------------++-------
Melee: Long sword        ||    11
       Bite              ||     2
  Use: Potion            ||     2
       Scroll            ||     1
Dodge: Dodged            ||     3
       Rpst.: Long sword ||     2

Vault maps used:
D:1:      co_arrival_random_square_maze
Abyss:2:  guppyfry_abyss_exit_imp_island
